Map: Port Aleksander LE

Players

Serral - Winner!

  • Race: Zerg Zerg
  • Spawn Location: 11:00

Lambo

  • Race: Zerg Zerg
  • Spawn Location: 5:00

Event: 2019 WCS Spring

VOD

Have the link to the VOD?

Description

Time

  • Played on: May 18, 2019, 2:07 p.m.
  • Length: 6:52

All games in this series

Show
View Real Time Build Order
Export as new Build Order

Serral Zerg - Winner!

Build Orders: Hatch First 

Get SALT Encoding   

  12  0:00  Drone  
  13  0:12  Overlord  
  13  0:17  Drone  
  14  0:31  Drone x2  
  16  0:48  Hatchery  
  15  0:52  Drone  
  15  0:55  Drone  
  17  0:59  Drone  
  18  1:09  Extractor  
  17  1:15  Spawning Pool  
  17  1:18  Drone  
  17  1:21  Drone  
  18  1:28  Drone  
  19  1:38  Drone  
  20  1:49  Drone  
  21  1:59  Overlord  
  21  2:01  Queen x2  
  21  2:02  Zergling x2  
  26  2:10  Metabolic Boost  
  26  2:11  Drone  
  26  2:13  Drone  
  28  2:21  Drone  
  28  2:22  Drone  
  30  2:36  Hatchery  
  29  2:39  Drone  
  31  2:44  Zergling x4  
  31  2:49  Baneling Nest  
  31  2:53  Overlord  
  31  2:56  Drone  
  32  2:59  Zergling x2  
  33  3:09  Zergling x2  
  33  3:10  Drone x2  
  33  3:12  Drone x2  
  38  3:13  Drone  
  38  3:19  Zergling x4  
  40  3:20  Zergling x2  
  40  3:24  Zergling x2  
  42  3:33  Baneling  
  42  3:35  Baneling  
  42  3:39  Drone  
  42  3:40  Overlord  
  42  3:41  Drone  
  44  3:43  Overlord  
  44  3:46  Lair  
  44  3:47  Extractor  
  44  3:48  Drone, Extractor  
  42  3:50  Drone  
  42  3:54  Evolution Chamber  
  42  3:55  Drone x2  
  46  3:57  Drone  
  46  3:59  Drone  
  46  4:02  Drone  
  49  4:07  Drone x3  
  52  4:12  Queen  
  54  4:17  Zergling x2  
  54  4:20  Zerg Missile Weapons Level 1  
  54  4:22  Extractor  
  54  4:23  Extractor  
  53  4:26  Drone  
  53  4:27  Roach Warren  
  53  4:28  Drone  
  53  4:30  Drone  
  55  4:31  Drone  
  55  4:34  Drone  
  55  4:35  Drone  
  55  4:36  Drone  
  55  4:38  Drone  
  59  4:39  Drone  
  59  4:40  Drone  
  59  4:42  Drone  
  61  4:47  Drone, Overlord  
  61  4:48  Drone  
  61  4:50  Drone  
  61  4:51  Drone  
  65  4:58  Baneling  
  65  5:00  Zergling x2  
  65  5:03  Extractor  
  65  5:04  Extractor  
  65  5:06  Drone x2  
  65  5:07  Drone  
  67  5:08  Drone x3  
  67  5:11  Overlord  
  67  5:12  Glial Reconstitution  
  67  5:13  Overlord  
  70  5:16  Drone  
  70  5:18  Overlord x2  
  71  5:23  Extractor  
  69  5:32  Overlord  
  70  5:44  Overlord  
  70  5:49  Nydus Network  
  69  5:51  Roach x12  
  69  5:53  Roach  
  97  5:57  Roach x2  
  97  5:58  Overseer  
  99  6:05  Roach x4  
  107  6:12  Roach x4  
  107  6:18  Overlord x2  
  113  6:20  Roach  
  113  6:23  Roach  
  113  6:24  Roach  
  117  6:28  Roach x2  
  121  6:33  Roach  
  121  6:34  Overlord  
  121  6:36  Nydus Canal  
  129  6:50  Nydus Canal  
Show
View Real Time Build Order
Export as new Build Order

Lambo Zerg 

Build Orders: Hatch First 

Get SALT Encoding   

  12  0:00  Drone  
  13  0:13  Overlord  
  13  0:17  Drone  
  14  0:31  Drone x2  
  16  0:48  Hatchery  
  15  0:52  Drone  
  15  0:55  Drone  
  17  0:59  Drone  
  17  1:03  Extractor  
  17  1:14  Spawning Pool  
  17  1:18  Drone  
  17  1:21  Drone  
  18  1:28  Drone  
  19  1:39  Drone  
  20  1:51  Drone  
  21  2:01  Queen x2  
  21  2:03  Metabolic Boost  
  21  2:05  Overlord  
  25  2:09  Drone  
  25  2:15  Zergling x4  
  28  2:24  Drone x2  
  30  2:42  Hatchery, Zergling x4  
  31  2:47  Baneling Nest  
  31  2:49  Zergling x2  
  31  2:53  Zergling x2  
  31  2:58  Overlord  
  32  3:11  Zergling x2  
  33  3:13  Drone  
  33  3:14  Drone x2  
  33  3:16  Drone x2  
  33  3:19  Drone  
  37  3:21  Drone  
  37  3:25  Zergling x2  
  37  3:26  Drone x2  
  41  3:30  Evolution Chamber  
  41  3:32  Baneling  
  40  3:35  Drone  
  40  3:40  Drone  
  42  3:45  Drone x2  
  43  3:54  Overlord  
  43  3:56  Queen, Zerg Missile Weapons Level 1  
  43  4:00  Drone x3  
  48  4:10  Drone, Roach Warren  
  48  4:11  Drone  
  49  4:17  Drone x3  
  49  4:21  Baneling x2  
  49  4:23  Zergling x4  
  54  4:24  Overlord  
  54  4:25  Drone  
  54  4:26  Drone  
  54  4:27  Drone  
  57  4:35  Drone  
  57  4:38  Extractor, Drone  
  57  4:39  Extractor, Drone x2  
  57  4:44  Overlord  
  57  4:46  Drone  
  57  4:47  Drone  
  57  4:51  Drone x2  
  57  4:52  Lair  
  61  4:54  Drone x2  
  61  4:58  Overlord  
  61  4:59  Drone x2  
  65  5:04  Drone x2  
  65  5:05  Drone  
  68  5:10  Drone  
  69  5:17  Drone  
  69  5:20  Extractor  
  69  5:21  Extractor, Drone x3  
  68  5:22  Extractor  
  68  5:23  Drone x3  
  68  5:27  Overlord  
  72  5:29  Overlord  
  72  5:31  Drone x2  
  72  5:35  Roach x4  
  82  5:46  Overlord  
  82  5:47  Pneumatized Carapace  
  82  5:51  Overlord  
  82  5:52  Overseer  
  82  5:54  Drone x2  
  82  5:56  Drone  
  84  5:58  Hatchery, Roach  
  84  5:59  Roach x3  
  91  6:05  Roach x3  
  97  6:12  Roach x5  
  97  6:15  Baneling  
  106  6:20  Drone, Evolution Chamber  
  106  6:26  Roach x4  
Tags
 
Add a new tag
Caveats
  • Supply blocks, unpowered buildings, or Contaminate may cause inaccurate times.
  • Supply counts are checked every 10 seconds.